AoeStats
← denniel

Arena

510730514Analyzed
1v1 RM · 1d ago on Oct 2, 2026· 22m 35s· 2 players
Game mode
Random Map
Map size
Tiny (2 player)
Population
200
Speed
Normal
Resources
Standard
Victory
Conquest
Starting age
Dark Age
Ending age
Imperial Age
RankedLock teamsTeams togetherTeam positionsShared explorationLock speedFull tech treeHidden civsTurbo modeCheats
Victory
Defeat
🇹🇼 Persians · Taiwan
574
+15
🇺🇸 Teutons · United States
555
-15
Skywa1keR
13:28 Feudal Age
11:46 Loom
13:32 Feudal Age
18:20 Castle Age
16:34 Stone Mining
16:40 Horse Collar
16:50 Double-Bit Axe
17:33 Stone Mining
17:54 Gold Mining
22:23 Heavy Plow
22:43 Bow Saw
denniel
8:21 Loom
10:09 Feudal Age
11:19 Horse Collar
11:25 Double-Bit Axe
12:19 Loom
17:43 Castle Age
18:44 Bow Saw
22:13 Scale Barding Armor
22:19 Forging
Connection lost

Rejoining the realm…

Still unreachable

The connection could not be restored.

Session expired

The server has moved on; the page needs a fresh start.